 Dungeon Crawl Stone Soup version 0.29-a0-477-g62b78b4225 (webtiles) character file.

Game seed: 10093383426419066809

430 Infinimo the Cudgeller (level 6, -10/48 HPs)
             Began as a Demonspawn Gladiator on May 24, 2022.
             Was an Initiate of Gozag.
             Mangled by Edmund
             ... wielding a +1 dire flail of protection
              (16 damage)
             ... on level 4 of the Dungeon.
             The game lasted 00:03:41 (4028 turns).

Infinimo the Cudgeller (Demonspawn Gladiator)       Turns: 4028, Time: 00:03:41

Health: -10/48     AC:  5    Str: 15    XL:     6   Next: 66%
Magic:  6/6        EV: 13    Int: 11    God:    Gozag
Gold:   274        SH:  0    Dex: 14    Spells: 5/5 levels left

rFire   . . .      SeeInvis .   a - +0 flail
rCold   . . .      Faith    .   (no shield)
rNeg    . . .      Spirit   .   b - +0 leather armour
rPois   .          Reflect  .   c - +1 helmet
rElec   .          Harm     .   (no cloak)
rCorr   .          Rampage  .   (no gloves)
Will    .....                   (no boots)
Stlth   +.........              (no amulet)
HPRegen 0.16/turn               (no ring)
MPRegen 0.10/turn               (no ring)

@: gold aura
A: spiny 1, demonic touch 2
a: Renounce Religion, Potion Petition, Call Merchant, Bribe Branch


You were on level 4 of the Dungeon.
You worshipped Gozag.
Gozag was aware of your devotion.
You visited 1 branch of the dungeon, and saw 4 of its levels.

You collected 382 gold pieces.
You spent 91 gold pieces at shops.
You paid 17 gold pieces to Gozag.

Inventory:

Hand Weapons
 a - a +0 flail (weapon)
Missiles
 d - 3 throwing nets (quivered)
 e - a javelin
Armour
 b - a +0 leather armour (worn)
 c - a +1 helmet (worn)
Jewellery
 h - a ring of protection from cold
Wands
 l - a wand of acid (7)
Scrolls
 f - 4 scrolls of teleportation
 j - a scroll of noise {unknown}
Potions
 g - a potion of might
 i - 2 potions of mutation
 k - a potion of attraction {unknown}
 n - 2 potions of magic
 o - a potion of flight
 p - 2 potions of heal wounds
 q - a potion of lignification


   Skills:
 + Level 4.0 Fighting
 * Level 5.2 Maces & Flails
 - Level 1.7 Throwing
 + Level 4.1 Dodging


You had 5 spell levels left.
You didn't know any spells.
Your spell library contained the following spells:

 Spells                   Type           Power      Damage    Failure   Level
 Poisonous Vapours        Pois/Air       0%         N/A       54%         2
 Corpse Rot               Necr/Pois/Air  Unusable   N/A       N/A         4

Dungeon Overview and Level Annotations

Branches:
Dungeon (4/15)
 Temple: D:4-7

Altars:
Fedhas
Gozag
Trog

Shops:
D:3 *

Annotations:
D:4 3 runed translucent doors, Edmund; Mandevil's ghost, amateur OgMo; Robin


Innate Abilities, Weirdness & Mutations

You are partially covered in sharp spines.
Your touch may inflict irresistible damage on your foes.


Message History

You sock the goblin!
You kill the goblin!
You hear a shout!
Robin is distracted by your dazzling golden aura.
Edmund hits you with a +1 dire flail of protection!
* * * LOW HITPOINT WARNING * * *
A goblin comes into view. It is wielding a +0 club.
The goblin is struck by your spines.
Robin shouts!
The goblin shouts!
Robin is no longer distracted by gold.
Robin throws the goblin at you!
A goblin comes into view. It is wielding a +0 dagger. x2
The goblin hits you with a +0 club.
* * * LOW HITPOINT WARNING * * *
Unknown command.
The goblin attacks as you move away! The goblin hits you with a +0 club.
* * * LOW HITPOINT WARNING * * *
Edmund attacks as you move away!
Edmund hits you with a +1 dire flail of protection.
* * * LOW HITPOINT WARNING * * *
The goblin is struck by your spines.
A goblin comes into view. It is wielding a +0 club.
The goblin attacks as you move away! The goblin is struck by your spines.
The goblin shouts!
Edmund attacks as you move away! Edmund is struck by your spines.
Edmund closely misses you.
Robin roars a battlecry!
The goblins go into a battle-frenzy!
Edmund is distracted by your dazzling golden aura.
Edmund is no longer distracted by gold.
There is a stone staircase leading up here.
The goblin is struck by your spines.
You kill the goblin!
You can't go up here!
The goblin is struck by your spines.
You kill the goblin!
There is a stone staircase leading up here.
Edmund hits you with a +1 dire flail of protection!
You die...
Your body crumbles into a pile of gold.

##..................#.....
.....gg.....##............
......g..$..#.............
###.###..##............>).
#....g....#.............
##........#.............
###.....g..#............. ...#
......gg@..##............
#..########.....@................
.......# #.."..................#
.......# #.....8.............8.#
.......#........######+++######.#
................#oWoo.o..oooo.#.#
.........#....###.ooo#####oo..#.#
.......##..### #.###..o..###.#.#
..........# .#8#..8..#8#.#.#
..........# ..........#.#


You could see Edmund, 2 orc priests, Mandevil's ghost, 5 orcs, a hobgoblin
(strong) and 6 goblins.

Vanquished Creatures
  2 scorpions (D:4)
  Crazy Yiuf (D:2)
  An orc priest (D:4)
  3 orc wizards
  8 adders
  2 worms
  5 dart slugs
  4 orcs
  14 ball pythons
  7 endoplasms
  2 giant cockroaches (D:4)
  5 hobgoblins
  2 jackals (D:3)
  7 quokkas
  7 bats
  3 frilled lizards
  15 goblins
  5 kobolds
  4 rats
97 creatures vanquished.

Notes
Turn   | Place    | Note
-------+----------+-------------------------------------------
     0 | D:1      | Infinimo the Demonspawn Gladiator began the quest for the
                  | Orb.
     0 | D:1      | Reached XP level 1. HP: 16/16 MP: 1/1
   234 | D:1      | Reached skill level 3 in Maces & Flails
   255 | D:1      | Gained mutation: You are partially covered in sharp spines.
                  | [demonic ancestry]
   255 | D:1      | Reached XP level 2. HP: 22/22 MP: 2/2
   310 | D:1      | Found a faded altar of an unknown god.
   651 | D:1      | Gained mutation: Your touch may inflict minor irresistible
                  | damage on your foes. [demonic ancestry]
   651 | D:1      | Reached XP level 3. HP: 28/28 MP: 3/3
  2010 | D:2      | Found a runed translucent door.
  2011 | D:2      | Noticed Crazy Yiuf
  2017 | D:2      | Killed Crazy Yiuf
  2018 | D:2      | Reached XP level 4. HP: 34/34 MP: 4/4
  2061 | D:3      | Found an opulent altar of Gozag.
  2061 | D:3      | Found a blossoming altar of Fedhas.
  2064 | D:3      | Found a bloodstained altar of Trog.
  2071 | D:3      | Became a worshipper of Gozag Ym Sagoz the Greedy
  2263 | D:3      | Reached skill level 4 in Maces & Flails
  2342 | D:3      | Reached XP level 5. HP: 34/41 MP: 5/5
  3243 | D:3      | Found Bocoma's General Store.
  3253 | D:3      | Bought a scroll of teleportation for 39 gold pieces
  3253 | D:3      | Bought 2 scrolls of identify for 52 gold pieces
  3687 | D:4      | Gained mutation: Your touch may inflict irresistible damage
                  | on your foes. [demonic ancestry]
  3687 | D:4      | Reached XP level 6. HP: 47/47 MP: 6/6
  3703 | D:4      | Reached skill level 5 in Maces & Flails
  3936 | D:4      | Found a runed translucent gate.
  3937 | D:4      | Noticed Mandevil's ghost (amateur OgMo)
  3995 | D:4      | Found a runed translucent gate.
  3996 | D:4      | Found a runed translucent gate.
  3996 | D:4      | Identified the +1 ring mail of Fuuquryw {Rampage rC+}
  4012 | D:4      | Noticed Edmund
  4016 | D:4      | Noticed Robin
  4028 | D:4      | Mangled by Edmund

Illustrated notes

Levels and vault maps discovered:
D:1:      dpeg_arrival_another_circle, layout_loops_ring, serial_glass,
          glass_columns_a, glass_columns_c, ebering_ecumenical_altar_petrified
D:2:      layout_loops_corners, uniq_crazy_yiuf_cottage
D:3:      layout_loops_ring, gammafunk_temple_overflow_forgotten, serial_shops,
          nicolae_lakefront_shop, grunt_decor_mini_mirrors, minmay_snake_closets
D:4:      layout_rooms, kennysheep_mini, portal_sewer_entry_d,
          biasface_ghost_orc_armoury, uniq_robin, uniq_edmund

Skill      XL: |  1  2  3  4  5  6 |
---------------+-------------------+-----
Maces & Flails | 3 4 5 |  5.2
Dodging        | 3 4 |  4.1
Fighting       | 3 4 |  4.0
Throwing       | |  1.7

Action                   |  1- 3 |  4- 6 || total
-------------------------+-------+-------++-------
Melee: Flail             |    77 |    87 ||   164
       Touch             |     6 |    18 ||    24
       Punch             |     2 |       ||     2
  Use: Scroll            |     1 |    11 ||    12
       Potion            |     1 |       ||     1
 Stab: Sleeping          |     1 |     2 ||     3
Armor: Leather armour    |    14 |    30 ||    44
Dodge: Dodged            |    40 |    47 ||    87

Table legend: (Time is in decaauts)
 A = Elapsed time spent in this place.
 B = Non-inter-level travel time spent in this place.
 C = Inter-level travel time spent in this place.
 D = Time resting spent in this place.
 E = Time spent auto-exploring this place.
 F = Levels seen in this place.
 G = Mean time per level.
                   A        B        C        D        E       F      G
               +--------+--------+--------+--------+--------+-----+--------+
         Total |   4060 |   3950 |    110 |    304 |   3153 |   4 | 1015.0 |
       Dungeon |   4060 |   3950 |    110 |    304 |   3153 |   4 | 1015.0 |
               +--------+--------+--------+--------+--------+-----+--------+

Top non-repeatable levels by time:
     D:3: 1635 daAuts
     D:1: 1091 daAuts
     D:2: 984 daAuts
     D:4: 348 daAuts
